 Dungeon Crawl Stone Soup version 0.18-b1-16-g289874d (webtiles) character file.

305668 swiech the Axe Maniac (level 20, -8/200 HPs)
             Began as a Minotaur Berserker on May 1, 2016.
             Was the Champion of Trog.
             Shot with an arrow by a ghostly deep elf master archer (19 damage)
             ... on level 3 of the Elven Halls.
             The game lasted 02:32:18 (38270 turns).

swiech the Axe Maniac (Minotaur Berserker)         Turns: 38270, Time: 02:32:20

Health: -8/200     AC: 37    Str: 43    XL:     20   Next: 29%
Magic:  28/28      EV: 11    Int:  8    God:    Trog [******]
Gold:   2231       SH:  0    Dex: 14    Spells: 0 memorised, 19 levels left

rFire  + . .     SeeInvis .     F - +5 executioner's axe (chop)
rCold  . . .     Gourm    .     O - +7 chain mail "Irphezer" {rN+ Str+4 Int+4}
rNeg   + . .     Faith    .     (shield currently unavailable)
rPois  .         Spirit   .     f - +1 hat {MR+}
rElec  .         Dismiss  .     H - +2 cloak {MR+}
rCorr  .         Reflect  .     n - +1 pair of gloves
SustAt .         Harm     .     E - +0 pair of boots of Paroedut {rF+ MP+9 Str+4 Dex+2}
MR     +++++                    i - amulet of regeneration
Stlth  ..........               N - +6 ring of strength
                                I - +6 ring of protection

@: about to teleport, regenerating, almost entirely resistant to hostile
enchantments, extremely unstealthy
A: retaliatory headbutt, horns 2, magic resistance 1, wild magic 1
a: Berserk, Trog's Hand, Brothers in Arms, Burn Spellbooks, Renounce Religion
}: 2/15 runes: decaying, gossamer


You were on level 3 of the Elven Halls.
You worshipped Trog.
Trog was exalted by your worship.
You were not hungry.

You visited 6 branches of the dungeon, and saw 36 of its levels.
You also visited: Sewer and Volcano.

You collected 3708 gold pieces.
You spent 1477 gold pieces at shops.

Inventory:

Hand Weapons
 F - a +5 executioner's axe of chopping (weapon)
 K - a +4 battleaxe of flaming
 T - the +11 glaive "Kitaqaff" {drain, Int+3 Stlth+}
   (Trog gifted it to you on level 11 of the Dungeon)

   A truly terrible weapon, it drains the life of those it strikes.
   It affects your intelligence (+3).
   It makes you more stealthy.
Missiles
 v - 6 javelins (quivered)
Armour
 f - a +1 hat of magic resistance (worn)
 n - a +1 pair of gloves (worn)
 E - the +0 pair of boots of Paroedut (worn) {rF+ MP+9 Str+4 Dex+2}
   (You found it on level 14 of the Dungeon)

   It affects your strength (+4).
   It affects your dexterity (+2).
   It protects you from fire.
   It affects your magic capacity (+9).
 H - a +2 cloak of magic resistance (worn)
 O - the +7 chain mail "Irphezer" (worn) {rN+ Str+4 Int+4}
   (You found it on level 4 of the Spider Nest)

   It affects your strength (+4).
   It affects your intelligence (+4).
   It protects you from negative energy.
Jewellery
 h - an uncursed ring of poison resistance
 i - an amulet of regeneration (around neck)
 r - a +2 ring of protection
 B - a +3 amulet of reflection {unknown}
 I - a +6 ring of protection (left hand)
 L - an uncursed ring of sustain attributes {unknown}
 N - a +6 ring of strength (right hand)
Wands
 a - a wand of hasting (5/9)
 b - a wand of paralysis (11/24)
 d - a wand of digging (10/24)
 j - a wand of flame (32/48)
 s - a wand of lightning (10/15)
 t - a wand of acid (8/15)
 x - a wand of flame (22/48)
 y - a wand of iceblast (12/15)
 S - a wand of iceblast (10/15)
Scrolls
 e - 32 scrolls of identify
 g - 3 scrolls of blinking
 m - 18 scrolls of remove curse
 o - 7 scrolls of magic mapping
 q - 5 scrolls of teleportation
 w - 2 scrolls of enchant weapon
 Q - a scroll of fear
Potions
 k - 12 potions of heal wounds
 u - 10 potions of curing
 z - 2 potions of haste
 A - 5 potions of might
 C - a potion of brilliance
 D - 3 potions of flight
 G - a potion of beneficial mutation
 J - 5 potions of resistance
 M - a potion of cure mutation
Comestibles
 c - 17 bread rations
 l - 3 fruits
 p - 13 beef jerkies
 P - 8 chunks of flesh


   Skills:
 + Level 22.0 Fighting
 O Level 27 Axes
 + Level 18.0 Armour
 - Level 2.1 Dodging


You had 19 spell levels left.
You didn't know any spells.

Dungeon Overview and Level Annotations

Branches:
Dungeon (15/15)            Temple (0/1) D:7            Lair (8/8) D:10
  Swamp (4/4) Lair:3       Spider (4/4) Lair:3        Slime (0/6) Lair:7
    Orc (2/2) D:9             Elf (3/3) Orc:2        Vaults (0/5) D:13
 Depths (0/5) D:15

Altars:
Dithmenos
Elyvilon
Fedhas
Gozag
Makhleb
Okawaru
Ru
Sif Muna
Zin
The Shining One

Shops:
D:2 *   D:10 }   D:13 (   Orc:2 [=(*

Portals:
Hell: Lair:8


Innate Abilities, Weirdness & Mutations

You reflexively headbutt those who attack you in melee.
You have a pair of horns on your head.
You are resistant to hostile enchantments.
Your spells are a little harder to cast, but a little more powerful.


Message History

The deep elf death mage is empowered by the deep elf high priest's aura!
The ghostly deep elf master archer shoots an arrow.
The arrow closely misses you.
The arrow hits the earth elemental!!
You closely miss the ghostly deep elf master archer.
You headbutt the ghostly deep elf master archer!
The ghostly deep elf master archer is heavily damaged.
You hit the earth elemental but do no damage.
The earth elemental is heavily damaged.
The ghostly deep elf master archer shoots an arrow.
The arrow barely misses you.
The arrow barely misses the earth elemental.
The deep elf mage mumbles some strange words.
You closely miss the ghostly deep elf master archer.
The ghostly deep elf master archer is heavily damaged.
You slice the earth elemental!!
You destroy the earth elemental!
The earth elemental disappears in a puff of smoke!
The ghostly deep elf master archer shoots an arrow.
The arrow hits you!!
You die...

.......##
#......###
#.....##
#...(.##
#######
#..##[##
####.(.#
#.(.##
#.))E#
###§## #(#
#@# #e#
#e# #e#
###e###


#e.eee# #..Eeeee..# .e....eEE....... .......§§e...... You could see a ghostly
deep elf master archer, a deep elf annihilator, a deep elf death mage, 2 deep
elf sorcerers, a deep elf elementalist, a deep elf demonologist, a deep elf
archer, a deep elf high priest, an earth elemental, a deep elf mage and 2 fire
elementals.

Vanquished Creatures
  Nikola (Elf:1)
  A tentacled monstrosity (Swamp:3)
  3 deep elf blademasters (Elf:3)
  2 deep elf master archers (Elf:3)
  Kirke (D:15)
  4 thorn hunters
  Agnes (Elf:2)
  Gastronok (Orc:1)
  Roxanne (Spider:4)
  4 ghost moths
  3 deep elf sorcerers
  Wiglaf (Spider:4)
  Louise (Elf:2)
  An orc warlord (Orc:1)
  A deep elf elementalist (Elf:3)
  7 emperor scorpions (Spider:4)
  The ghost of colpogo the Bludgeoner, a journeyman GrFi of Okawaru (Elf:1)
  A deep elf demonologist (Elf:1)
  6 deep elf annihilators
  Snorg (Lair:7)
  A fire dragon (D:14)
  Josephine (D:10)
  2 deep elf death magi
  Erolcha (D:13)
  The ghost of subsebi the Severer, a journeyman DsCK of Xom (D:12)
  A deep elf high priest (Elf:3)
  A ghost crab (Swamp:4)
  An entropy weaver (Spider:2)
  The ghost of subsebi the Cleaver, a journeyman DsCK of Xom (D:12)
  29 hydras
  Erica (D:9)
  3 centaur warriors
  25 dancing weapons
  5 alligators
  A tengu warrior (D:15)
  19 death yaks
  An orc high priest (Orc:2)
  A hell knight (Volcano)
  20 deep elf knights
  2 unseen horrors
  14 swamp dragons
  2 wizards
  A shambling mangrove (Swamp:3)
  2 spriggan druids (Swamp:4)
  A wolf spider zombie (D:13)
  8 hill giants
  6 deep elf archers
  A phantasmal warrior (D:15)
  A necromancer (D:15)
  9 orc sorcerers
  3 orc knights
  27 wolf spiders
  3 griffons
  2 ugly things
  2 cyclopes
  3 manticores
  10 hornets
  9 orb spiders
  37 deep elf magi
  7 elephants (Lair:8)
  An oklob plant (D:8)
  A sixfirhy (Lair:8)
  13 black mambas
  A frost giant skeleton (D:15)
  Joseph (D:8)
  Maurice (D:8)
  A toenail golem (Volcano)
  3 moths of wrath
  2 gargoyles
  4 torpor snails
  3 centaur zombies
  A smoke demon (Lair:8)
  24 spiny frogs
  2 molten gargoyles (Volcano)
  6 komodo dragons
  5 rime drakes
  3 orange demons (Lair:8)
  3 kobold demonologists
  17 demonic crawlers
  A hellwing (Lair:8)
  An efreet (D:15)
  4 ice devils (Lair:8)
  2 guardian mummies (D:15)
  A red devil (Lair:8)
  A polar bear (Lair:5)
  19 jumping spiders
  Grinder (D:6)
  9 trolls
  23 blink frogs
  6 giant leeches
  11 bog bodies
  19 slime creatures
  3 two-headed ogres
  A boulder beetle (Spider:1)
  An ice dragon zombie (D:15)
  A spriggan (D:7)
  3 shadows
  An air elemental (Elf:1)
  2 wyverns
  2 humans (D:7)
  2 fire elementals
  37 redbacks
  A water elemental (Elf:2)
  5 wraiths
  15 tarantellas
  62 yaks
  Grum (D:8)
  4 fire bats (Volcano)
  2 hungry ghosts
  3 hogs (D:15)
  4 basilisks
  23 vampire mosquitoes
  2 wargs
  7 hippogriffs
  14 insubstantial wisps
  A soldier ant (D:14)
  A human zombie (D:15)
  A hell hound (Volcano)
  23 swamp worms
  16 water moccasins
  A human skeleton (D:15)
  7 porcupines
  6 sky beasts
  17 swamp drakes
  An ice beast (D:7)
  3 wasps
  5 black bears
  26 orc warriors
  12 centaurs
  14 ogres
  A phantom (D:11)
  A necrophage (D:12)
  23 wolves
  18 crocodiles
  The ghost of volde25 the Covered, an amateur GrFi (D:3)
  8 big kobolds
  29 giant frogs
  Blork the orc (D:4)
  A wyvern zombie (D:10)
  2 earth elementals (Elf:2)
  3 scorpions
  A water moccasin skeleton (D:10)
  15 killer bees
  4 wights (D:13)
  3 electric eels
  5 howler monkeys
  10 lava snakes (Volcano)
  5 crimson imps
  A quasit (D:8)
  3 giant frog skeletons
  5 hounds
  7 jellies
  Crazy Yiuf (D:4)
  14 orc priests
  19 orc wizards
  3 centaur skeletons
  11 iguanas
  9 worker ants
  A killer bee zombie (D:9)
  21 sheep
  2 hound zombies
  A howler monkey skeleton (D:11)
  Robin (D:4)
  7 gnolls
  13 adders
  64 river rats
  2 shadow imps
  2 oozes (Lair:7)
  An adder zombie (D:9)
  2 worms
  A dart slug (D:4)
  2 giant geckos
  42 orcs
  3 giant cockroaches
  13 goblins
  14 hobgoblins
  3 jackals (D:3)
  2 quokkas
  9 ball pythons
  9 bats
  9 giant newts
  A jackal skeleton (D:4)
  27 kobolds
  25 rats
  A bush (Lair:4)
  6 fungi
  9 plants
  3 withered plants (D:15)
1327 creatures vanquished.

Vanquished Creatures (collateral kills)
  An emperor scorpion (Spider:4)
  An orb spider (Spider:4)
  An orange demon (Lair:8)
  A red devil (Lair:8)
  A tarantella (Spider:4)
  2 wasps (Spider:4)
  An electric eel (Spider:4)
8 creatures vanquished.

Vanquished Creatures (others)
  A human (D:15)
  A swamp drake (Swamp:1)
  A briar patch (Swamp:1)
  2 bushes (Lair:8)
  25 fungi
  71 plants
101 creatures vanquished.

Grand Total: 1436 creatures vanquished

Notes
Turn   | Place    | Note
--------------------------------------------------------------
     0 | D:1      | swiech the Minotaur Berserker began the quest for the Orb.
     0 | D:1      | Reached XP level 1. HP: 19/19 MP: 0/0
   110 | D:1      | Reached skill level 4 in Axes
   372 | D:1      | Reached XP level 2. HP: 18/26 MP: 1/1
   855 | D:2      | Reached skill level 5 in Axes
   855 | D:2      | Reached XP level 3. HP: 19/31 MP: 2/2
   877 | D:2      | Found a blossoming altar of Fedhas.
   880 | D:2      | Reached ** piety under Trog
   889 | D:2      | Found Zin's Purification Station.
   889 | D:2      | Found a glowing silver altar of Zin.
  1173 | D:2      | Reached XP level 4. HP: 39/39 MP: 3/3
  1200 | D:2      | Found a sacrificial altar of Ru.
  1218 | D:2      | Reached skill level 6 in Axes
  1597 | D:3      | Noticed volde25's ghost (amateur GrFi)
  1842 | D:3      | Killed volde25's ghost
  1842 | D:3      | Reached skill level 7 in Axes
  1842 | D:3      | Reached XP level 5. HP: 45/45 MP: 4/4
  2077 | D:3      | Reached skill level 8 in Axes
  2176 | D:3      | Reached XP level 6. HP: 51/52 MP: 5/5
  2324 | D:3      | Reached *** piety under Trog
  2383 | D:3      | Found an opulent altar of Gozag.
  2571 | D:4      | Noticed Blork the orc
  2582 | D:4      | Killed Blork the orc
  2630 | D:4      | Found a glowing drain.
  2639 | Sewer    | Entered a sewer
  2809 | Sewer    | Reached **** piety under Trog
  2809 | Sewer    | Reached skill level 9 in Axes
  2818 | Sewer    | Reached XP level 7. HP: 52/60 MP: 6/6
  3184 | D:4      | Reached skill level 10 in Axes
  3251 | D:4      | Noticed Robin
  3264 | D:4      | Killed Robin
  3318 | D:4      | Reached ***** piety under Trog
  3617 | D:4      | Gained mutation: You tend to lose your temper in combat. [potion of mutation]
  3617 | D:4      | Gained mutation: You are somewhat resistant to further mutation. [potion of mutation]
  3696 | D:4      | Reached skill level 11 in Axes
  3696 | D:4      | Reached XP level 8. HP: 56/67 MP: 7/7
  3709 | D:4      | Noticed Crazy Yiuf
  3724 | D:4      | Killed Crazy Yiuf
  3731 | D:4      | Got a translucent mace
  3732 | D:4      | Identified the +6 mace of the Firefly {freeze, rF+ MP+9 Int+4 Dex+2} (You found it on level 4 of the Dungeon)
  3997 | D:4      | Reached skill level 5 in Fighting
  4245 | D:5      | Entered Level 5 of the Dungeon
  4541 | D:5      | Found a deep blue altar of Sif Muna.
  5057 | D:6      | Reached skill level 12 in Axes
  5370 | D:6      | Noticed Grinder
  5377 | D:6      | Killed Grinder
  5377 | D:6      | Reached XP level 9. HP: 67/78 MP: 8/8
  5386 | D:6      | Received a gift from Trog
  5760 | D:7      | Found a burning altar of Makhleb.
  5764 | D:7      | Reached skill level 13 in Axes
  5800 | D:7      | Found a staircase to the Ecumenical Temple.
  5905 | D:7      | Reached skill level 5 in Armour
  5956 | D:7      | Noticed a hill giant
  5962 | D:7      | Killed a hill giant
  6165 | D:7      | Found an iron altar of Okawaru.
  6179 | D:7      | Reached skill level 14 in Axes
  6202 | D:7      | Reached XP level 10. HP: 88/88 MP: 9/9
  6540 | D:8      | Found a glowing golden altar of the Shining One.
  6540 | D:8      | Noticed Grum
  6542 | D:8      | Noticed Maurice
  6551 | D:8      | Killed Maurice
  6555 | D:8      | Killed Grum
  6555 | D:8      | Reached skill level 15 in Axes
  6621 | D:8      | Found a shadowy altar of Dithmenos.
  6828 | D:8      | Found an iron altar of Okawaru.
  6828 | D:8      | Noticed an oklob plant
  6893 | D:8      | Killed an oklob plant
  7035 | D:8      | Noticed Joseph
  7045 | D:8      | Killed Joseph
  7045 | D:8      | Reached skill level 16 in Axes
  7316 | D:9      | Noticed Erica
  7326 | D:9      | Killed Erica
  7356 | D:9      | Found a staircase to the Orcish Mines.
  7456 | D:9      | Found a shadowy altar of Dithmenos.
  7551 | D:10     | Entered Level 10 of the Dungeon
  7580 | D:10     | Noticed a hill giant
  7584 | D:10     | Killed a hill giant
  7584 | D:10     | Reached XP level 11. HP: 97/97 MP: 10/10
  7619 | D:10     | Noticed a purple ugly thing
  7626 | D:10     | Killed a purple ugly thing
  7674 | D:10     | Found a staircase to the Lair.
  7752 | D:10     | Reached skill level 17 in Axes
  7851 | D:10     | Found Ewaok's Quality Used Wands.
  7969 | D:10     | Noticed Josephine
  7982 | D:10     | Killed Josephine
  7986 | D:10     | Reached skill level 10 in Fighting
  8135 | D:10     | Noticed a centaur warrior
  8150 | D:10     | Killed a centaur warrior
  8245 | D:10     | Killed an unseen horror
  8371 | D:11     | Noticed a hill giant
  8688 | D:11     | Received a gift from Trog
  8690 | D:11     | Got an iridescent glaive {god gift}
  8691 | D:11     | Identified the +11 glaive "Kitaqaff" {drain, Int+3 Stlth+} (Trog gifted it to you on level 11 of the Dungeon)
  8717 | D:11     | Reached skill level 18 in Axes
  9435 | D:12     | Noticed a deep elf mage
  9440 | D:12     | Killed a deep elf mage
  9486 | D:12     | Noticed a wolf spider
  9492 | D:12     | Killed a wolf spider
  9510 | D:12     | Reached XP level 12. HP: 49/110 MP: 11/11
  9651 | D:12     | Noticed subsebi's ghost (journeyman DsCK)
  9819 | D:12     | Killed subsebi's ghost
  9884 | D:12     | Noticed subsebi's ghost (journeyman DsCK)
  9898 | D:12     | Killed subsebi's ghost
 10293 | D:12     | Noticed an eight-headed hydra
 10300 | D:12     | Killed a four-headed hydra
 10300 | D:12     | Reached skill level 19 in Axes
 10945 | Lair:1   | Entered Level 1 of the Lair of Beasts
 11154 | Lair:1   | Lost mutation: You tend to lose your temper in combat. [potion of cure mutation]
 11154 | Lair:1   | Lost mutation: You are somewhat resistant to further mutation. [potion of cure mutation]
 12095 | Lair:2   | Received a gift from Trog
 12548 | Lair:3   | Noticed a four-headed hydra
 12556 | Lair:3   | Killed a two-headed hydra
 12845 | Lair:3   | Found a staircase to the Swamp.
 13014 | Lair:3   | Reached XP level 13. HP: 67/119 MP: 12/12
 13168 | Lair:3   | Reached ****** piety under Trog
 13509 | Lair:3   | Found a hole to the Spider Nest.
 13648 | Lair:3   | Reached skill level 10 in Armour
 14232 | Lair:4   | Received a gift from Trog
 14232 | Lair:4   | Reached skill level 20 in Axes
 15333 | Lair:5   | Received a gift from Trog
 16821 | Lair:7   | Found a staircase to the Slime Pits.
 16831 | Lair:7   | Noticed Snorg
 16843 | Lair:7   | Killed Snorg
 16843 | Lair:7   | Received a gift from Trog
 17009 | Lair:7   | Reached XP level 14. HP: 98/133 MP: 13/13
 17258 | Lair:7   | Found a dark tunnel.
 17263 | Volcano  | Entered a volcano
 17586 | Volcano  | Found a radiant altar of Vehumet.
 17878 | Lair:7   | Reached skill level 15 in Fighting
 17878 | Lair:7   | Reached skill level 21 in Axes
 17878 | Lair:7   | Reached XP level 15. HP: 135/141 MP: 14/14
 17879 | Lair:7   | Reached XP level 16. HP: 145/151 MP: 15/15
 17880 | Lair:7   | Gained mutation: You are resistant to hostile enchantments. [potion of beneficial mutation]
 17881 | Lair:7   | Gained mutation: Your spells are a little harder to cast, but a little more powerful. [potion of beneficial mutation]
 18533 | Lair:8   | Entered Level 8 of the Lair of Beasts
 18873 | Lair:8   | Received a gift from Trog
 19401 | Lair:8   | Found a burning altar of Makhleb.
 19409 | Lair:8   | Received a gift from Trog
 19699 | Lair:8   | Found a gateway to Hell.
 19822 | Lair:8   | Reached skill level 15 in Armour
 20799 | Orc:1    | Entered Level 1 of the Orcish Mines
 20799 | Orc:1    | Noticed Gastronok
 20805 | Orc:1    | Killed Gastronok
 20819 | Orc:1    | Received a gift from Trog
 21092 | Orc:1    | You fall through a shaft!
 21092 | Orc:2    | Entered Level 2 of the Orcish Mines
 21650 | Orc:1    | Reached XP level 17. HP: 163/163 MP: 16/16
 21883 | Orc:2    | Found Icsoetso's Antique Weapon Emporium.
 22036 | Orc:2    | Found Oneirghe's Jewellery Shoppe.
 22052 | Orc:2    | Received a gift from Trog
 22127 | Orc:2    | Bought an uncursed amulet of regeneration for 390 gold pieces
 22141 | Orc:2    | Found a staircase to the Elven Halls.
 22231 | Orc:2    | Found Emesitel's General Store.
 22692 | Orc:2    | Found Ygaovam's Antique Armour Shoppe.
 22724 | Orc:2    | Bought a brightly glowing plate armour for 812 gold pieces
 22724 | Orc:2    | Bought a pair of ancient boots for 275 gold pieces
 22734 | Orc:2    | Identified the +2 pair of boots of the Cockatrice {Int+2} (You bought it in a shop on level 2 of the Orcish Mines)
 22745 | Orc:2    | Identified the +2 plate armour of Lies {*Corrode rF+ rN+} (You bought it in a shop on level 2 of the Orcish Mines)
 23204 | D:13     | Found a gate to the Vaults.
 23233 | D:13     | Noticed Erolcha
 23242 | D:13     | Killed Erolcha
 23658 | D:13     | Found Dises's Weapon Shoppe.
 23743 | D:13     | Received a gift from Trog
 23997 | D:14     | Got a pair of warped boots
 24008 | D:14     | Identified the +0 pair of boots of Paroedut {rF+ MP+9 Str+4 Dex+2} (You found it on level 14 of the Dungeon)
 24814 | D:15     | Entered Level 15 of the Dungeon
 24814 | D:15     | Found a white marble altar of Elyvilon.
 24870 | D:15     | Found a staircase to the Depths.
 25140 | D:15     | Noticed Kirke
 25143 | D:15     | Reached skill level 22 in Axes
 25149 | D:15     | Killed Kirke
 25218 | D:15     | Received a gift from Trog
 25897 | Swamp:1  | Entered Level 1 of the Swamp
 26938 | Swamp:2  | Noticed a tentacled monstrosity
 27246 | Swamp:2  | Got a twitching iron ring
 27282 | Swamp:2  | Identified the ring of Xom's Condemnation {Ice rElec Int+4 Dex+3 Stlth+} (You found it on level 2 of the Swamp)
 27762 | Swamp:3  | Received a gift from Trog
 27762 | Swamp:3  | Reached skill level 23 in Axes
 27811 | Swamp:3  | Killed a tentacled monstrosity
 28248 | Swamp:3  | Reached XP level 18. HP: 176/176 MP: 17/17
 28512 | Swamp:4  | Entered Level 4 of the Swamp
 29462 | Swamp:4  | Received a gift from Trog
 29620 | Swamp:4  | Reached skill level 24 in Axes
 29970 | Swamp:4  | Got a decaying rune of Zot
 30275 | Spider:1 | Entered Level 1 of the Spider Nest
 30964 | Spider:1 | Received a gift from Trog
 32618 | Spider:3 | Received a gift from Trog
 33102 | Spider:4 | Entered Level 4 of the Spider Nest
 33165 | Spider:4 | Noticed Wiglaf
 33177 | Spider:4 | Killed Wiglaf
 33358 | Spider:4 | Noticed Roxanne
 33368 | Spider:4 | Killed Roxanne
 33368 | Spider:4 | Reached skill level 25 in Axes
 33454 | Spider:4 | Reached XP level 19. HP: 170/185 MP: 18/18
 33500 | Spider:4 | HP: 4/187 [disintegration (29)]
 33923 | Spider:4 | Received a gift from Trog
 34275 | Spider:4 | Got a smoking chain mail
 34388 | Spider:4 | Got a gossamer rune of Zot
 34622 | Lair:2   | Identified the +7 chain mail "Irphezer" {rN+ Str+4 Int+4} (You found it on level 4 of the Spider Nest)
 34767 | Elf:1    | Entered Level 1 of the Elven Halls
 34767 | Elf:1    | Noticed colpogo's ghost (journeyman GrFi)
 34777 | Elf:1    | Killed colpogo's ghost
 35280 | Elf:1    | Noticed Nikola
 35285 | Elf:1    | Killed Nikola
 35778 | Elf:1    | Received a gift from Trog
 36063 | Elf:2    | Noticed Agnes
 36069 | Elf:2    | Killed Agnes
 36122 | Elf:2    | Noticed Louise
 36129 | Elf:2    | Killed Louise
 36274 | Elf:2    | Found a runed gate.
 36274 | Elf:2    | Found a runed gate.
 36284 | Elf:2    | Found a runed gate.
 36511 | Elf:2    | Found a deep blue altar of Sif Muna.
 37078 | Elf:2    | Received a gift from Trog
 37161 | Elf:2    | Reached skill level 26 in Axes
 37326 | Elf:3    | Entered Level 3 of the Elven Halls
 37465 | Elf:3    | Reached XP level 20. HP: 193/200 MP: 19/19
 38249 | Elf:3    | Reached skill level 27 in Axes
 38267 | Elf:3    | HP: 7/200 [ghostly deep elf master archer/arrow (23)]
 38270 | Elf:3    | Shot with an arrow by a ghostly deep elf master archer

Skill      XL: |  1  2  3  4  5  6  7  8  9 10 11 12 13 14 15 16 17 18 19 20 |
---------------+-------------------------------------------------------------+-----
Axes           | 4 5 7 8 9 11 12 14 16 18 19 20 21 23 25 26 27 | 27.0
Fighting       | 4 6 8 9 11 12 14 15 16 17 19 20 22 | 22.0
Armour         | 4 6 7 9 12 13 14 16 17 18 | 18.0
Dodging        | |  2.1

Action                   |  1- 3 |  4- 6 |  7- 9 | 10-12 | 13-15 | 16-18 | 19-21 || total
-------------------------+-------+-------+-------+-------+-------+-------+-------++-------
Melee: Hand axe          |    69 |   182 |   190 |       |       |       |       ||   441
       Headbutt          |    10 |    36 |    45 |    94 |    61 |   354 |   109 ||   709
       Battleaxe         |       |       |    72 |   414 |     8 |   141 |       ||   635
       Trident           |       |       |     1 |       |       |       |       ||     1
       Executioner's axe |       |       |       |    56 |   302 |  1108 |   402 ||  1868
       Glaive            |       |       |       |       |    20 |     3 |     9 ||    32
Throw: Tomahawk          |       |       |       |       |       |     2 |       ||     2
       Javelin           |       |       |       |       |       |       |     6 ||     6
Invok: Berserk           |     1 |     2 |     2 |     5 |     2 |     6 |     3 ||    21
       Burn Spellbooks   |       |       |       |       |     1 |     7 |     2 ||    10
       Trog's Hand       |       |       |       |       |       |     1 |     3 ||     4
       Brothers in Arms  |       |       |       |       |       |     1 |     1 ||     2
  Use: Scroll            |       |     2 |       |       |       |    16 |     5 ||    23
       Potion            |       |       |     3 |    13 |     2 |     2 |     2 ||    22
 Stab: Distracted        |       |       |     1 |       |       |       |       ||     1
  Eat: Chunk             |     2 |     7 |    14 |    29 |    15 |    50 |    13 ||   130
       Pizza             |       |       |     1 |       |     1 |       |       ||     2
       Fruit             |       |       |       |     1 |       |       |       ||     1
       Bread ration      |       |       |       |       |       |     1 |       ||     1
       Meat ration       |       |       |       |       |       |     1 |     1 ||     2
Armor: Animal skin       |     7 |       |       |       |       |       |       ||     7
       Chain mail        |    25 |    87 |   112 |       |       |   218 |   162 ||   604
       Scale mail        |     1 |       |       |       |       |       |       ||     1
       Plate armour      |       |       |     5 |   300 |   195 |   637 |   110 ||  1247
Dodge: Dodged            |    35 |    76 |    85 |   182 |   137 |   540 |   165 ||  1220
